Los Angeles Kings vs Hartford Whalers
Created - Wednesday, May 1, 2024 at 06:56
Goals
|
| Los Angeles Kings |
2 |
1 |
0 |
0 |
0 |
3 |
| Hartford Whalers |
1 |
1 |
1 |
0 |
1 |
4 |
|
Shots
|
| Los Angeles Kings |
11 |
3 |
5 |
0 |
5 |
19 |
| Hartford Whalers |
14 |
17 |
10 |
0 |
5 |
41 |
|
1st period
1. Hartford Whalers , Alexis Lafreniere 14 (Andre Burakovsky 26, Taylor Hall 30) at 7:23 (PP)
2. Los Angeles Kings , Andrei Svechnikov 18 (Erik Brannstrom 7) at 10:42
3. Los Angeles Kings , Marco Rossi 6 (Cole Perfetti 17, Alexander Romanov 12) at 13:46
Penalties :
Alexander Romanov (LAK) for High sticking (Minor) at 0:22, Ryan Reaves (LAK) for Tripping (Minor) at 6:18, Joshua Norris (HFD) for Fighting (Major) at 17:17, Joshua Brown (LAK) for Fighting (Major) at 17:17
2nd period
4. Hartford Whalers , Marcus Foligno 4 (Josh Anderson 22, Casey Cizikas 15) at 7:07
5. Los Angeles Kings , Cooper Marody 6 (Vitali Kravtsov 7, Owen Power 15) at 19:38
Penalties :
Alexander Romanov (LAK) for Slashing (Minor) at 1:16, Joshua Brown (LAK) for Hooking (Minor) at 4:19, Alexander Romanov (LAK) for Cross-checking (Minor) at 7:29, Erik Cernak (HFD) for Hooking (Minor) at 17:26
3rd period
6. Hartford Whalers , Alexander Wennberg 24 (Josh Anderson 23, Thomas Chabot 24) at 19:58
Penalties :
Andrei Kuzmenko (LAK) for Tripping (Minor) at 10:40, Marcus Foligno (HFD) for Fighting (Major) at 13:01, Cole Perfetti (LAK) for Fighting (Major) at 13:01, Marcus Foligno (HFD) for instigated a fight (Minor) at 13:01, Marcus Foligno (HFD) for instigated a fight (10 Minutes Misconduct) at 13:01
Overtime #1
No Goal
Penalties :
No Penalty
Shootout
Los Angeles Kings, Andrei Svechnikov - Stopped by Semyon Varlamov
Hartford Whalers, Alexander Wennberg - Stopped by John Gibson
Los Angeles Kings, Andrei Kuzmenko - Stopped by Semyon Varlamov
Hartford Whalers, Andre Burakovsky - Stopped by John Gibson
Los Angeles Kings, Cole Perfetti - Stopped by Semyon Varlamov
Hartford Whalers, Taylor Hall - Shot Misses the Net
Los Angeles Kings, Seth Jarvis - Stopped by Semyon Varlamov
Hartford Whalers, Josh Anderson - Shot Misses the Net
Los Angeles Kings, Alexander Radulov - Stopped by Semyon Varlamov
Hartford Whalers, Casey Cizikas - Goal!
Penalties :
No Penalty
Goalie Stats
John Gibson (LAK), 38 saves from 41 shots - (0.927), OTL, 19-31-7, 65:00 minutes
Semyon Varlamov (HFD), 16 saves from 19 shots - (0.842), W, 22-27-3, 63:57 minutes
Players Stats for Los Angeles Kings
Player Name G A P +/- PIM S H SB GA TA FO MP PP MP PK MP
------------------------------------------------------------------------------------
Alexander Radulov 0 0 0 0 0 1 0 0 1 0 7/22 21:40 1:58 5:11
Alexander Romanov 0 1 1 0 6 0 2 2 0 0 0/0 23:25 1:52 2:34
Andrei Kuzmenko 0 0 0 -1 2 1 0 0 1 1 1/2 22:36 2:05 4:19
Andrei Svechnikov 1 0 1 0 0 2 4 1 0 0 6/8 22:29 1:59 5:22
Cole Perfetti 0 1 1 1 5 1 0 0 0 0 4/7 13:06 0:58 1:26
Cooper Marody 1 0 1 1 0 3 1 0 0 0 0/3 8:43 0:00 0:00
Erik Brannstrom 0 1 1 1 0 0 0 1 0 0 0/0 7:01 0:00 1:12
Jakub Zboril 0 0 0 1 0 0 1 0 0 0 0/0 10:33 0:00 1:39
Joshua Brown 0 0 0 1 7 0 5 0 0 0 0/0 14:39 0:00 0:03
K'Andre Miller 0 0 0 0 0 1 2 3 0 1 0/0 28:21 1:52 6:12
Marco Rossi 1 0 1 1 0 2 2 0 0 0 1/2 13:09 1:58 0:00
Noah Dobson 0 0 0 -1 0 4 0 0 0 0 0/0 26:22 2:06 5:31
Owen Power 0 1 1 0 0 1 0 2 0 2 0/0 28:11 2:06 4:52
Peyton Krebs 0 0 0 -1 0 0 0 1 0 0 0/0 14:33 0:37 0:17
Ryan Reaves 0 0 0 1 2 0 1 1 0 0 1/2 11:01 0:36 0:00
Seth Jarvis 0 0 0 0 0 0 0 1 0 1 4/16 22:15 1:43 5:25
Trent Frederic 0 0 0 0 0 0 1 1 1 1 1/1 12:45 0:00 0:00
Vitali Kravtsov 0 1 1 1 0 3 1 0 0 0 0/0 8:06 0:00 0:00
Players Stats for Hartford Whalers
Player Name G A P +/- PIM S H SB GA TA FO MP PP MP PK MP
------------------------------------------------------------------------------------
Alexander Wennberg 1 0 1 0 0 4 1 0 0 0 13/18 25:11 5:38 1:54
Alexis Lafreniere 1 0 1 -1 0 3 1 0 0 0 1/1 17:13 5:16 0:13
Andre Burakovsky 0 1 1 -1 0 2 1 0 1 1 1/2 19:05 5:12 0:00
Casey Cizikas 0 1 1 1 0 2 1 1 0 0 9/16 16:54 0:22 1:51
Eetu Luostarinen 0 0 0 0 0 2 0 0 0 0 1/1 12:13 0:00 1:51
Erik Cernak 0 0 0 0 2 0 3 1 0 1 0/0 19:47 0:00 0:53
Jaccob Slavin 0 0 0 0 0 0 0 4 0 0 0/0 28:06 5:15 2:25
Joel Edmundson 0 0 0 -1 0 1 0 1 0 0 0/0 19:50 0:00 2:12
Josh Anderson 0 2 2 2 0 2 1 0 1 0 2/2 17:58 1:05 1:54
Joshua Norris 0 0 0 -1 5 1 1 0 1 0 8/16 15:35 4:38 0:13
Marcus Foligno 1 0 1 0 17 2 0 0 0 1 0/0 7:39 0:27 0:00
Mike Hoffman 0 0 0 -1 0 2 0 0 1 0 0/0 6:51 0:00 0:00
Nikita Zaitsev 0 0 0 0 0 0 0 2 0 0 0/0 19:29 5:45 1:46
Olli Maatta 0 0 0 -1 0 0 1 0 0 0 0/0 16:21 5:45 0:00
Ryan Strome 0 0 0 -1 0 0 0 0 0 0 2/3 7:52 0:00 0:00
T.J. Oshie 0 0 0 -1 0 8 2 2 0 0 0/0 17:33 4:32 0:00
Taylor Hall 0 1 1 -1 0 7 1 0 2 0 1/4 20:39 5:50 0:00
Thomas Chabot 0 1 1 1 0 5 1 1 0 0 0/0 27:43 5:15 0:40
3 Stars
1 - Josh Anderson (HFD)
2 - Andrei Svechnikov (LAK)
3 - Marco Rossi (LAK)
Power Play
Los Angeles Kings - 0 on 2 Attempt(s) - 0.00%
Hartford Whalers - 1 on 6 Attempt(s) - 16.67%
Penalty Kill
Los Angeles Kings - 5 on 6 Attempt(s) - 83.33%
- Score 0 goal in Penalty Kill
Hartford Whalers - 2 on 2 Attempt(s) - 100.00%
- Score 0 goal in Penalty Kill
Team Stat
Los Angeles Kings - Hits : 20 - Faceoff Wins : 25 - Blocked Shots : 13 - Penalty Minutes : 22
Hartford Whalers - Hits : 14 - Faceoff Wins : 38 - Blocked Shots : 12 - Penalty Minutes : 24
Official
Referees : Dennis LaRue and Dean Morton
Linesman : Michel Cormier and Tim Nowak
Game Notes
Joshua Norris and Joshua Brown fight to a draw at 17:17 of 1st period
Erik Brannstrom is injured at 1:19 of 2nd period (Strained Left Elbow)
T.J. Oshie is injured at 8:34 of 3rd period (Sprained Right Knee)
Marcus Foligno and Cole Perfetti fight to a draw at 13:01 of 3rd period
Finance
Level 1 -- Attendance: 6058 (60.58%) -- Ticket Income $545,220
Level 2 -- Attendance: 4549 (90.98%) -- Ticket Income $250,195
Level 3 -- Attendance: 3000 (100.00%) -- Ticket Income $90,000
Level 4 -- Attendance: 4977 (99.54%) -- Ticket Income $99,540
Luxury Box -- Attendance: 850 (85.00%) -- Ticket Income $161,500
Game was played at the Hartford Civic Center.
Total Attendance: 19434 (80.98%)
Total Ticket Income: $1,146,455
Other Income: $401,259
Total Income: $1,547,714
Los Angeles Kings
5 vs 5 Forward
Center Left Wing Right Wing Time % Phy DF OF
1 Seth Jarvis Andrei Svechnikov Andrei Kuzmenko 30 1 2 2
2 Alexander Radulov Trent Frederic Peyton Krebs 30 1 2 2
3 Cole Perfetti Ryan Reaves Marco Rossi 25 1 2 2
4 Cooper Marody Vitali Kravtsov Jakub Zboril 15 1 2 2
5 vs 5 Defense
Defense Defense Time % Phy DF OF
1 K'Andre Miller Alexander Romanov 35 1 2 2
2 Noah Dobson Owen Power 35 1 2 2
3 Joshua Brown Erik Brannstrom 30 1 2 2
4 K'Andre Miller Alexander Romanov 0 1 2 2
PowerPlay Forward
Center Left Wing Right Wing Time % Phy DF OF
1 Seth Jarvis Andrei Svechnikov Andrei Kuzmenko 50 1 2 2
2 Alexander Radulov Cole Perfetti Marco Rossi 50 1 2 2
PowerPlay Defense
Defense Defense Time % Phy DF OF
1 K'Andre Miller Alexander Romanov 50 1 2 2
2 Noah Dobson Owen Power 50 1 2 2
Penalty Kill 4 Players Forward
Center Wing Time % Phy DF OF
1 Andrei Svechnikov Andrei Kuzmenko 50 1 2 2
2 Alexander Radulov Seth Jarvis 50 1 2 2
Penalty Kill 4 Players Defense
Defense Defense Time % Phy DF OF
1 K'Andre Miller Alexander Romanov 50 1 2 2
2 Noah Dobson Owen Power 50 1 2 2
Penalty Kill - 3 Players Forward
Forward Time % Phy DF OF
1 Andrei Svechnikov 50 1 2 2
2 Andrei Kuzmenko 50 1 2 2
Penalty Kill - 3 Players Defense
Defense Defense Time % Phy DF OF
1 K'Andre Miller Alexander Romanov 50 1 2 2
2 Noah Dobson Owen Power 50 1 2 2
4 vs 4 Forward
Center Wing Time % Phy DF OF
1 Andrei Svechnikov Andrei Kuzmenko 50 1 2 2
2 Alexander Radulov Seth Jarvis 50 1 2 2
4 vs 4 Defense
Defense Defense Time % Phy DF OF
1 K'Andre Miller Alexander Romanov 50 1 2 2
2 Noah Dobson Owen Power 50 1 2 2
Last Minutes Offensive
Center Left Wing Right Wing Defense Defense
Seth Jarvis Andrei Svechnikov Andrei Kuzmenko K'Andre Miller Alexander Romanov
Last Minutes Defensive
Center Left Wing Right Wing Defense Defense
Seth Jarvis Andrei Svechnikov Andrei Kuzmenko K'Andre Miller Alexander Romanov
Goaltenders
Starting : John Gibson
Backup : Jonas Johansson
Extra Forwards
Normal : Marco Rossi, Alexander Radulov, Cole Perfetti - PP : Marco Rossi, Alexander Radulov - PK : Cole Perfetti
Extra Defensemen
Normal : Joshua Brown, Erik Brannstrom, Noah Dobson - PP : Joshua Brown - PK : Erik Brannstrom, Noah Dobson
Penalty Shots
Andrei Svechnikov, Andrei Kuzmenko, Cole Perfetti, Seth Jarvis, Alexander Radulov
Hartford Whalers
5 vs 5 Forward
Center Left Wing Right Wing Time % Phy DF OF
1 Alexander Wennberg Taylor Hall T.J. Oshie 35 0 3 2
2 Joshua Norris Andre Burakovsky Alexis Lafreniere 30 0 3 2
3 Casey Cizikas Eetu Luostarinen Josh Anderson 25 0 3 2
4 Ryan Strome Mike Hoffman Marcus Foligno 10 0 3 2
5 vs 5 Defense
Defense Defense Time % Phy DF OF
1 Jaccob Slavin Thomas Chabot 38 1 2 2
2 Joel Edmundson Erik Cernak 37 1 3 1
3 Olli Maatta Nikita Zaitsev 25 1 2 2
4 Jaccob Slavin Thomas Chabot 0 1 2 2
PowerPlay Forward
Center Left Wing Right Wing Time % Phy DF OF
1 Alexander Wennberg Taylor Hall T.J. Oshie 50 0 1 4
2 Joshua Norris Andre Burakovsky Alexis Lafreniere 50 0 1 4
PowerPlay Defense
Defense Defense Time % Phy DF OF
1 Thomas Chabot Jaccob Slavin 50 0 2 3
2 Olli Maatta Nikita Zaitsev 50 0 2 3
Penalty Kill 4 Players Forward
Center Wing Time % Phy DF OF
1 Casey Cizikas Eetu Luostarinen 50 1 4 0
2 Alexander Wennberg Josh Anderson 50 1 4 0
Penalty Kill 4 Players Defense
Defense Defense Time % Phy DF OF
1 Joel Edmundson Erik Cernak 50 2 3 0
2 Jaccob Slavin Nikita Zaitsev 50 1 4 0
Penalty Kill - 3 Players Forward
Forward Time % Phy DF OF
1 Casey Cizikas 50 1 4 0
2 Alexander Wennberg 50 1 4 0
Penalty Kill - 3 Players Defense
Defense Defense Time % Phy DF OF
1 Joel Edmundson Erik Cernak 50 2 3 0
2 Jaccob Slavin Nikita Zaitsev 50 1 4 0
4 vs 4 Forward
Center Wing Time % Phy DF OF
1 Alexander Wennberg Andre Burakovsky 50 0 2 3
2 Casey Cizikas Josh Anderson 50 0 2 3
4 vs 4 Defense
Defense Defense Time % Phy DF OF
1 Thomas Chabot Jaccob Slavin 50 0 2 3
2 Joel Edmundson Erik Cernak 50 0 3 2
Last Minutes Offensive
Center Left Wing Right Wing Defense Defense
Alexander Wennberg Alexis Lafreniere Andre Burakovsky Thomas Chabot Jaccob Slavin
Last Minutes Defensive
Center Left Wing Right Wing Defense Defense
Casey Cizikas Eetu Luostarinen Josh Anderson Joel Edmundson Erik Cernak
Goaltenders
Starting : Semyon Varlamov
Backup : Mads Sogaard
Extra Forwards
Normal : Andre Burakovsky, Joshua Norris, Alexis Lafreniere - PP : Andre Burakovsky, Taylor Hall - PK : Casey Cizikas
Extra Defensemen
Normal : Jaccob Slavin, Joel Edmundson, Nikita Zaitsev - PP : Thomas Chabot - PK : Jaccob Slavin, Erik Cernak
Penalty Shots
Alexander Wennberg, Andre Burakovsky, T.J. Oshie, Taylor Hall, Josh Anderson
% Time on Ice - Los Angeles Kings
Lines # - Real PCT - Wanted PCT - Time Play
Normal Forward
1 - 27% - 30% - 11:50
2 - 35% - 30% - 15:21
3 - 21% - 25% - 9:20
4 - 17% - 15% - 7:21
Normal Defense
1 - 34% - 35% - 15:07
2 - 31% - 35% - 13:28
3 - 35% - 30% - 15:17
4 - 0% - 0% - 0:00
PP Forward
1 - 43% - 50% - 1:43
2 - 57% - 50% - 2:15
PP Defense
1 - 47% - 50% - 1:52
2 - 53% - 50% - 2:06
PK Forward
1 - 50% - 50% - 5:31
2 - 50% - 50% - 5:29
PK Defense
1 - 68% - 50% - 7:29
2 - 32% - 50% - 3:31
PK3 Forward
1 - 0% - 50%
2 - 0% - 50%
PK3 Defense
1 - 0% - 50%
2 - 0% - 50%
44 Forward
1 - 48% - 50% - 2:24
2 - 52% - 50% - 2:36
44 Defense
1 - 53% - 50% - 2:40
2 - 47% - 50% - 2:20
Last Minute Offensive - 0:00
Last Minute Defensive - 1:10
Total
Forward - 65:00
Defense - 65:00
|
% Time on Ice - Hartford Whalers
Lines # - Real PCT - Wanted PCT - Time Play
Normal Forward
1 - 33% - 35% - 14:38
2 - 29% - 30% - 12:45
3 - 22% - 25% - 9:41
4 - 16% - 10% - 6:51
Normal Defense
1 - 42% - 38% - 18:16
2 - 35% - 37% - 15:16
3 - 24% - 25% - 10:23
4 - 0% - 0% - 0:00
PP Forward
1 - 51% - 50% - 5:38
2 - 49% - 50% - 5:22
PP Defense
1 - 48% - 50% - 5:15
2 - 52% - 50% - 5:45
PK Forward
1 - 52% - 50% - 2:04
2 - 48% - 50% - 1:54
PK Defense
1 - 72% - 50% - 2:52
2 - 28% - 50% - 1:06
PK3 Forward
1 - 0% - 50%
2 - 0% - 50%
PK3 Defense
1 - 0% - 50%
2 - 0% - 50%
44 Forward
1 - 50% - 50% - 2:29
2 - 50% - 50% - 2:31
44 Defense
1 - 51% - 50% - 2:32
2 - 49% - 50% - 2:28
Last Minute Offensive - 1:07
Last Minute Defensive - 0:00
Total
Forward - 65:00
Defense - 65:00
|
Play-by-Play
1st period
0:01 of 1st period - Seth Jarvis wins face-off versus Alexander Wennberg in neutral zone.
0:22 of 1st period - Minor Penalty to Alexander Romanov for High sticking.
0:23 of 1st period - Alexander Wennberg wins face-off versus Andrei Svechnikov in Los Angeles Kings zone.
0:38 of 1st period - Snap shot by T.J. Oshie.
0:38 of 1st period - Shot Misses the Net.
0:49 of 1st period - Icing by Thomas Chabot.
0:50 of 1st period - Joshua Norris wins face-off versus Alexander Radulov in Hartford Whalers zone.
1:16 of 1st period - Snap shot by Andre Burakovsky.
1:16 of 1st period - Deflect By Noah Dobson.
1:16 of 1st period - Shot Misses the Net.
1:16 of 1st period - Puck is out of play.
1:17 of 1st period - Andrei Kuzmenko wins face-off versus Alexander Wennberg in Los Angeles Kings zone.
1:30 of 1st period - Snap shot by T.J. Oshie.
1:30 of 1st period - Deflect By Taylor Hall.
1:30 of 1st period - Stopped by John Gibson with a rebound.
1:32 of 1st period - Snap shot by Alexander Wennberg.
1:32 of 1st period - Stopped by John Gibson without a rebound.
1:33 of 1st period - Andrei Svechnikov wins face-off versus Andre Burakovsky in Los Angeles Kings zone.
2:22 of 1st period - Penalty to Alexander Romanov is over, Alexander Romanov is back on ice.
2:37 of 1st period - Icing by Jaccob Slavin.
2:38 of 1st period - Casey Cizikas wins face-off versus Alexander Radulov in Hartford Whalers zone.
2:45 of 1st period - Slapshot by Thomas Chabot.
2:45 of 1st period - Shot Misses the Net.
2:53 of 1st period - Snap shot by Peyton Krebs.
2:53 of 1st period - Shot Blocked by Thomas Chabot.
3:12 of 1st period - Slapshot by Noah Dobson.
3:12 of 1st period - Stopped by Semyon Varlamov with a rebound.
3:14 of 1st period - Wrist shot by Marco Rossi.
3:14 of 1st period - Stopped by Semyon Varlamov with a rebound.
3:30 of 1st period - Snap shot by T.J. Oshie.
3:30 of 1st period - Shot Misses the Net.
3:58 of 1st period - Slapshot by Vitali Kravtsov.
3:58 of 1st period - Stopped by Semyon Varlamov without a rebound.
3:59 of 1st period - Alexander Radulov wins face-off versus Joshua Norris in Hartford Whalers zone.
5:12 of 1st period - Wrist shot by Joshua Norris.
5:12 of 1st period - Stopped by John Gibson with a rebound.
5:18 of 1st period - Snap shot by Vitali Kravtsov.
5:18 of 1st period - Stopped by Semyon Varlamov without a rebound.
5:19 of 1st period - Alexander Wennberg wins face-off versus Alexander Radulov in Hartford Whalers zone.
5:24 of 1st period - Snap shot by T.J. Oshie.
5:24 of 1st period - Stopped by John Gibson without a rebound.
5:25 of 1st period - Alexander Wennberg wins face-off versus Alexander Radulov in Los Angeles Kings zone.
5:26 of 1st period - Snap shot by Taylor Hall.
5:26 of 1st period - Stopped by John Gibson with a rebound.
5:28 of 1st period - Snap shot by Alexander Wennberg.
5:28 of 1st period - Shot Blocked by Alexander Romanov.
5:30 of 1st period - Slapshot by Thomas Chabot.
5:30 of 1st period - Stopped by John Gibson with a rebound.
5:32 of 1st period - Snap shot by Taylor Hall.
5:32 of 1st period - Shot Misses the Net.
5:38 of 1st period - Wrist shot by Taylor Hall.
5:38 of 1st period - Shot Misses the Net.
5:40 of 1st period - Slapshot by Alexander Wennberg.
5:40 of 1st period - Stopped by John Gibson without a rebound.
5:41 of 1st period - Seth Jarvis wins face-off versus Joshua Norris in Los Angeles Kings zone.
5:41 of 1st period - Seth Jarvis is hit by Erik Cernak.
6:15 of 1st period - Snap shot by Taylor Hall.
6:15 of 1st period - Stopped by John Gibson without a rebound.
6:16 of 1st period - Cole Perfetti wins face-off versus Casey Cizikas in Los Angeles Kings zone.
6:18 of 1st period - Minor Penalty to Ryan Reaves for Tripping.
6:19 of 1st period - Alexander Wennberg wins face-off versus Alexander Radulov in Los Angeles Kings zone.
6:51 of 1st period - Wrist shot by Alexander Wennberg.
6:51 of 1st period - Shot Hit the Post.
7:23 of 1st period - Slapshot by Alexis Lafreniere.
7:23 of 1st period - Goal by Alexis Lafreniere - Los Angeles Kings : 0 - Hartford Whalers : 1.
7:24 of 1st period - Joshua Norris wins face-off versus Alexander Radulov in neutral zone.
7:31 of 1st period - Wrist shot by Joshua Norris.
7:31 of 1st period - Deflect By Andre Burakovsky.
7:31 of 1st period - Shot Blocked by K'Andre Miller.
7:31 of 1st period - Puck is out of play.
7:32 of 1st period - Alexander Radulov wins face-off versus Joshua Norris in Los Angeles Kings zone.
7:57 of 1st period - Snap shot by Andrei Svechnikov.
7:57 of 1st period - Shot Blocked by Jaccob Slavin.
7:59 of 1st period - Slapshot by Alexander Romanov.
7:59 of 1st period - Shot Blocked by Jaccob Slavin.
8:01 of 1st period - Wrist shot by Andrei Svechnikov.
8:01 of 1st period - Stopped by Semyon Varlamov without a rebound.
8:02 of 1st period - Alexander Wennberg wins face-off versus Seth Jarvis in Hartford Whalers zone.
8:15 of 1st period - Erik Cernak is hit by Andrei Svechnikov and loses puck.
8:30 of 1st period - Slapshot by Andrei Kuzmenko.
8:30 of 1st period - Shot Blocked by T.J. Oshie.
8:44 of 1st period - Wrist shot by T.J. Oshie.
8:44 of 1st period - Shot Misses the Net.
9:00 of 1st period - Wrist shot by T.J. Oshie.
9:00 of 1st period - Stopped by John Gibson with a rebound.
9:43 of 1st period - Andrei Svechnikov is hit by T.J. Oshie and loses puck.
10:20 of 1st period - Slapshot by Taylor Hall.
10:20 of 1st period - Stopped by John Gibson with a rebound.
10:32 of 1st period - Snap shot by Andrei Svechnikov.
10:32 of 1st period - Shot Misses the Net.
10:42 of 1st period - Snap shot by Andrei Svechnikov.
10:42 of 1st period - Goal by Andrei Svechnikov - Los Angeles Kings : 1 - Hartford Whalers : 1.
10:43 of 1st period - Cole Perfetti wins face-off versus Casey Cizikas in neutral zone.
11:10 of 1st period - Icing by Owen Power.
11:11 of 1st period - Alexander Radulov wins face-off versus Joshua Norris in Los Angeles Kings zone.
11:11 of 1st period - Alexander Radulov is hit by Andre Burakovsky.
11:19 of 1st period - Snap shot by Alexander Radulov.
11:19 of 1st period - Stopped by Semyon Varlamov without a rebound.
11:20 of 1st period - Casey Cizikas wins face-off versus Cole Perfetti in Hartford Whalers zone.
11:45 of 1st period - Snap shot by Andre Burakovsky.
11:45 of 1st period - Shot Blocked by Trent Frederic.
12:29 of 1st period - Snap shot by K'Andre Miller.
12:29 of 1st period - Shot Blocked by Casey Cizikas.
12:38 of 1st period - Icing by Alexander Romanov.
12:39 of 1st period - Trent Frederic wins face-off versus Joshua Norris in Los Angeles Kings zone.
12:44 of 1st period - Snap shot by Alexander Radulov.
12:44 of 1st period - Shot Misses the Net.
13:14 of 1st period - Slapshot by Ryan Strome.
13:14 of 1st period - Shot Blocked by Peyton Krebs.
13:16 of 1st period - Slapshot by Joel Edmundson.
13:16 of 1st period - Shot Blocked by K'Andre Miller.
13:46 of 1st period - Snap shot by Cole Perfetti.
13:46 of 1st period - Deflect By Marco Rossi.
13:46 of 1st period - Goal by Marco Rossi - Los Angeles Kings : 2 - Hartford Whalers : 1.
13:47 of 1st period - Casey Cizikas wins face-off versus Cole Perfetti in neutral zone.
14:34 of 1st period - Off-side.
14:35 of 1st period - Alexander Wennberg wins face-off versus Andrei Kuzmenko in neutral zone.
15:00 of 1st period - Taylor Hall is hit by Cooper Marody and loses puck.
15:13 of 1st period - Snap shot by Erik Brannstrom.
15:13 of 1st period - Deflect By Vitali Kravtsov.
15:13 of 1st period - Stopped by Semyon Varlamov with a rebound.
15:41 of 1st period - Snap shot by Alexander Radulov.
15:41 of 1st period - Shot Misses the Net.
15:43 of 1st period - Snap shot by Alexander Radulov.
15:43 of 1st period - Shot Misses the Net.
15:49 of 1st period - Wrist shot by Peyton Krebs.
15:49 of 1st period - Shot Misses the Net.
16:11 of 1st period - Wrist shot by Andrei Kuzmenko.
16:11 of 1st period - Shot Misses the Net.
16:43 of 1st period - Slapshot by Owen Power.
16:43 of 1st period - Stopped by Semyon Varlamov with a rebound.
16:45 of 1st period - Slapshot by Owen Power.
16:45 of 1st period - Shot Misses the Net.
16:47 of 1st period - Backhand shot by Owen Power.
16:47 of 1st period - Deflect By Ryan Reaves.
16:47 of 1st period - Shot Blocked by Jaccob Slavin.
16:47 of 1st period - Puck is out of play.
16:48 of 1st period - Cole Perfetti wins face-off versus Taylor Hall in Hartford Whalers zone.
17:07 of 1st period - Snap shot by Cole Perfetti.
17:07 of 1st period - Stopped by Semyon Varlamov with a rebound.
17:09 of 1st period - Wrist shot by Marco Rossi.
17:09 of 1st period - Deflect By Cole Perfetti.
17:09 of 1st period - Shot Misses the Net.
17:09 of 1st period - Puck is out of play.
17:10 of 1st period - Joshua Norris wins face-off versus Alexander Radulov in Hartford Whalers zone.
17:15 of 1st period - Alexander Radulov is hit by Joshua Norris and loses puck.
17:17 of 1st period - Joshua Norris and Joshua Brown fight to a draw.
17:17 of 1st period - Penalty to Joshua Norris for Fighting.
17:17 of 1st period - Penalty to Joshua Brown for Fighting.
17:18 of 1st period - Alexander Radulov wins face-off versus Casey Cizikas in Los Angeles Kings zone.
17:51 of 1st period - Alexis Lafreniere is hit by Alexander Romanov and loses puck.
18:00 of 1st period - Snap shot by Marco Rossi.
18:00 of 1st period - Shot Misses the Net.
18:20 of 1st period - Slapshot by Taylor Hall.
18:20 of 1st period - Shot Blocked by Alexander Romanov.
18:26 of 1st period - Erik Cernak is hit by Jakub Zboril and loses puck.
19:18 of 1st period - Wrist shot by Alexis Lafreniere.
19:18 of 1st period - Stopped by John Gibson without a rebound.
19:19 of 1st period - Casey Cizikas wins face-off versus Alexander Radulov in Los Angeles Kings zone.
19:22 of 1st period - Snap shot by Andre Burakovsky.
19:22 of 1st period - Shot Misses the Net.
19:24 of 1st period - Snap shot by Casey Cizikas.
19:24 of 1st period - Stopped by John Gibson without a rebound.
19:25 of 1st period - Casey Cizikas wins face-off versus Alexander Radulov in Los Angeles Kings zone.
19:28 of 1st period - Snap shot by Alexis Lafreniere.
19:28 of 1st period - Stopped by John Gibson without a rebound.
19:29 of 1st period - Casey Cizikas wins face-off versus Alexander Radulov in Los Angeles Kings zone.
Goals for this period are 2 for Los Angeles Kings vs 1 for Hartford Whalers.
Shots for this period are 11 for Los Angeles Kings vs 14 for Hartford Whalers.
2nd period
0:01 of 2nd period - Marco Rossi wins face-off versus Casey Cizikas in neutral zone.
1:11 of 2nd period - Snap shot by T.J. Oshie.
1:11 of 2nd period - Stopped by John Gibson without a rebound.
1:12 of 2nd period - Casey Cizikas wins face-off versus Seth Jarvis in Los Angeles Kings zone.
1:16 of 2nd period - Minor Penalty to Alexander Romanov for Slashing.
1:17 of 2nd period - Taylor Hall wins face-off versus Alexander Radulov in Los Angeles Kings zone.
1:17 of 2nd period - Snap shot by Andre Burakovsky.
1:17 of 2nd period - Stopped by John Gibson with a rebound.
1:19 of 2nd period - Snap shot by Andre Burakovsky.
1:19 of 2nd period - Shot Blocked by Erik Brannstrom.
1:19 of 2nd period - Erik Brannstrom from Los Angeles Kings is injured at 1:19 of 2nd period (Strained Left Elbow).
1:20 of 2nd period - Alexander Radulov wins face-off versus Taylor Hall in Los Angeles Kings zone.
2:17 of 2nd period - Penalty to Joshua Brown is over, Joshua Brown is back on ice.
3:16 of 2nd period - Penalty to Alexander Romanov is over, Alexander Romanov is back on ice.
3:22 of 2nd period - Off-side.
3:23 of 2nd period - Cole Perfetti wins face-off versus Ryan Strome in neutral zone.
4:19 of 2nd period - Minor Penalty to Joshua Brown for Hooking.
4:20 of 2nd period - Andrei Svechnikov wins face-off versus Taylor Hall in Los Angeles Kings zone.
6:19 of 2nd period - Penalty to Joshua Brown is over, Joshua Brown is back on ice.
6:59 of 2nd period - Wrist shot by Josh Anderson.
6:59 of 2nd period - Stopped by John Gibson with a rebound.
7:01 of 2nd period - Slapshot by Casey Cizikas.
7:01 of 2nd period - Stopped by John Gibson with a rebound.
7:03 of 2nd period - Wrist shot by Marcus Foligno.
7:03 of 2nd period - Shot Misses the Net.
7:05 of 2nd period - Slapshot by Josh Anderson.
7:05 of 2nd period - Shot Misses the Net.
7:07 of 2nd period - Wrist shot by Marcus Foligno.
7:07 of 2nd period - Goal by Marcus Foligno - Los Angeles Kings : 2 - Hartford Whalers : 2.
7:08 of 2nd period - Alexander Wennberg wins face-off versus Alexander Radulov in neutral zone.
7:29 of 2nd period - Minor Penalty to Alexander Romanov for Cross-checking.
7:30 of 2nd period - Alexander Radulov wins face-off versus Alexander Wennberg in Los Angeles Kings zone.
7:45 of 2nd period - Snap shot by Seth Jarvis.
7:45 of 2nd period - Shot Misses the Net.
7:55 of 2nd period - Owen Power is hit by Olli Maatta and loses puck.
9:29 of 2nd period - Penalty to Alexander Romanov is over, Alexander Romanov is back on ice.
9:34 of 2nd period - Wrist shot by Casey Cizikas.
9:34 of 2nd period - Deflect By Eetu Luostarinen.
9:34 of 2nd period - Stopped by John Gibson without a rebound.
9:35 of 2nd period - Eetu Luostarinen wins face-off versus Ryan Reaves in Los Angeles Kings zone.
9:49 of 2nd period - Slapshot by Josh Anderson.
9:49 of 2nd period - Deflect By Eetu Luostarinen.
9:49 of 2nd period - Stopped by John Gibson with a rebound.
10:01 of 2nd period - Wrist shot by Mike Hoffman.
10:01 of 2nd period - Stopped by John Gibson with a rebound.
10:03 of 2nd period - Snap shot by Mike Hoffman.
10:03 of 2nd period - Stopped by John Gibson with a rebound.
10:05 of 2nd period - Snap shot by Marcus Foligno.
10:05 of 2nd period - Stopped by John Gibson with a rebound.
10:07 of 2nd period - Slapshot by Joel Edmundson.
10:07 of 2nd period - Deflect By Trent Frederic.
10:07 of 2nd period - Stopped by John Gibson without a rebound.
10:08 of 2nd period - Joshua Norris wins face-off versus Seth Jarvis in Los Angeles Kings zone.
10:33 of 2nd period - K'Andre Miller is hit by T.J. Oshie.
10:41 of 2nd period - Slapshot by Noah Dobson.
10:41 of 2nd period - Stopped by Semyon Varlamov with a rebound.
11:12 of 2nd period - Off-side.
11:13 of 2nd period - Ryan Strome wins face-off versus Cooper Marody in neutral zone.
11:16 of 2nd period - Slapshot by Ryan Strome.
11:16 of 2nd period - Shot Blocked by K'Andre Miller.
11:28 of 2nd period - Snap shot by Mike Hoffman.
11:28 of 2nd period - Shot Misses the Net.
11:42 of 2nd period - Wrist shot by K'Andre Miller.
11:42 of 2nd period - Shot Blocked by Nikita Zaitsev.
11:48 of 2nd period - Snap shot by Alexander Radulov.
11:48 of 2nd period - Shot Blocked by Nikita Zaitsev.
12:08 of 2nd period - Wrist shot by Andrei Svechnikov.
12:08 of 2nd period - Shot Misses the Net.
13:07 of 2nd period - Icing by Trent Frederic.
13:08 of 2nd period - Alexander Wennberg wins face-off versus Alexander Radulov in Los Angeles Kings zone.
13:15 of 2nd period - Slapshot by Taylor Hall.
13:15 of 2nd period - Stopped by John Gibson with a rebound.
13:25 of 2nd period - Thomas Chabot is hit by Joshua Brown and loses puck.
13:52 of 2nd period - Peyton Krebs is hit by Taylor Hall and loses puck.
13:57 of 2nd period - Snap shot by Alexander Wennberg.
13:57 of 2nd period - Deflect By Taylor Hall.
13:57 of 2nd period - Stopped by John Gibson with a rebound.
13:59 of 2nd period - Wrist shot by Alexander Wennberg.
13:59 of 2nd period - Shot Misses the Net.
14:01 of 2nd period - Slapshot by Alexander Wennberg.
14:01 of 2nd period - Stopped by John Gibson with a rebound.
14:03 of 2nd period - Snap shot by Alexander Wennberg.
14:03 of 2nd period - Shot Misses the Net.
14:05 of 2nd period - Snap shot by T.J. Oshie.
14:05 of 2nd period - Stopped by John Gibson without a rebound.
14:06 of 2nd period - Alexis Lafreniere wins face-off versus Seth Jarvis in Los Angeles Kings zone.
14:54 of 2nd period - Joel Edmundson is hit by Joshua Brown and loses puck.
15:01 of 2nd period - Slapshot by K'Andre Miller.
15:01 of 2nd period - Shot Blocked by Erik Cernak.
15:03 of 2nd period - Backhand shot by K'Andre Miller.
15:03 of 2nd period - Stopped by Semyon Varlamov without a rebound.
15:04 of 2nd period - Seth Jarvis wins face-off versus Joshua Norris in Hartford Whalers zone.
15:29 of 2nd period - Marco Rossi is hit by Josh Anderson.
16:41 of 2nd period - Slapshot by Andre Burakovsky.
16:41 of 2nd period - Stopped by John Gibson with a rebound.
16:53 of 2nd period - Snap shot by Cole Perfetti.
16:53 of 2nd period - Shot Blocked by Joel Edmundson.
17:26 of 2nd period - Minor Penalty to Erik Cernak for Hooking.
17:27 of 2nd period - Casey Cizikas wins face-off versus Seth Jarvis in Hartford Whalers zone.
18:01 of 2nd period - Casey Cizikas is hit by K'Andre Miller and loses puck.
19:26 of 2nd period - Penalty to Erik Cernak is over, Erik Cernak is back on ice.
19:36 of 2nd period - Snap shot by Vitali Kravtsov.
19:36 of 2nd period - Shot Misses the Net.
19:38 of 2nd period - Snap shot by Cooper Marody.
19:38 of 2nd period - Goal by Cooper Marody - Los Angeles Kings : 3 - Hartford Whalers : 2.
19:39 of 2nd period - Alexander Wennberg wins face-off versus Cooper Marody in neutral zone.
19:50 of 2nd period - Slapshot by T.J. Oshie.
19:50 of 2nd period - Stopped by John Gibson without a rebound.
19:51 of 2nd period - Joshua Norris wins face-off versus Seth Jarvis in Los Angeles Kings zone.
Goals for this period are 1 for Los Angeles Kings vs 1 for Hartford Whalers.
Shots for this period are 3 for Los Angeles Kings vs 17 for Hartford Whalers.
3rd period
0:01 of 3rd period - Alexander Wennberg wins face-off versus Seth Jarvis in neutral zone.
0:09 of 3rd period - Off-side.
0:10 of 3rd period - Alexander Wennberg wins face-off versus Seth Jarvis in neutral zone.
0:29 of 3rd period - Wrist shot by Andrei Kuzmenko.
0:29 of 3rd period - Stopped by Semyon Varlamov with a rebound.
1:07 of 3rd period - Wrist shot by Andrei Kuzmenko.
1:07 of 3rd period - Shot Blocked by Jaccob Slavin.
1:15 of 3rd period - Snap shot by Thomas Chabot.
1:15 of 3rd period - Deflect By T.J. Oshie.
1:15 of 3rd period - Stopped by John Gibson with a rebound.
1:17 of 3rd period - Slapshot by Thomas Chabot.
1:17 of 3rd period - Shot Blocked by Seth Jarvis.
1:19 of 3rd period - Slapshot by Jaccob Slavin.
1:19 of 3rd period - Shot Misses the Net.
1:21 of 3rd period - Snap shot by Taylor Hall.
1:21 of 3rd period - Stopped by John Gibson with a rebound.
1:23 of 3rd period - Slapshot by Alexander Wennberg.
1:23 of 3rd period - Deflect By T.J. Oshie.
1:23 of 3rd period - Stopped by John Gibson with a rebound.
1:25 of 3rd period - Slapshot by Jaccob Slavin.
1:25 of 3rd period - Deflect By T.J. Oshie.
1:25 of 3rd period - Stopped by John Gibson with a rebound.
1:27 of 3rd period - Snap shot by Taylor Hall.
1:27 of 3rd period - Shot Misses the Net.
1:29 of 3rd period - Slapshot by Jaccob Slavin.
1:29 of 3rd period - Shot Blocked by Andrei Svechnikov.
1:31 of 3rd period - Snap shot by Thomas Chabot.
1:31 of 3rd period - Stopped by John Gibson without a rebound.
1:32 of 3rd period - Alexander Radulov wins face-off versus Joshua Norris in Los Angeles Kings zone.
1:32 of 3rd period - Alexander Radulov is hit by Alexis Lafreniere.
1:58 of 3rd period - Marco Rossi is hit by Casey Cizikas and loses puck.
2:21 of 3rd period - Nikita Zaitsev is hit by Joshua Brown and loses puck.
2:43 of 3rd period - Joshua Norris is hit by Trent Frederic and loses puck.
3:00 of 3rd period - Nikita Zaitsev is hit by Ryan Reaves and loses puck.
3:49 of 3rd period - Ryan Reaves is hit by Alexander Wennberg and loses puck.
4:00 of 3rd period - Slapshot by K'Andre Miller.
4:00 of 3rd period - Shot Misses the Net.
4:09 of 3rd period - Icing by K'Andre Miller.
4:10 of 3rd period - Joshua Norris wins face-off versus Seth Jarvis in Los Angeles Kings zone.
4:41 of 3rd period - Slapshot by Alexander Radulov.
4:41 of 3rd period - Shot Misses the Net.
5:46 of 3rd period - Jaccob Slavin is hit by Andrei Svechnikov and loses puck.
6:09 of 3rd period - Trent Frederic is hit by Thomas Chabot and loses puck.
6:26 of 3rd period - Nikita Zaitsev is hit by Joshua Brown and loses puck.
6:39 of 3rd period - Snap shot by T.J. Oshie.
6:39 of 3rd period - Shot Misses the Net.
6:41 of 3rd period - Slapshot by Olli Maatta.
6:41 of 3rd period - Deflect By T.J. Oshie.
6:41 of 3rd period - Shot Blocked by Owen Power.
6:41 of 3rd period - Puck is out of play.
6:42 of 3rd period - Alexander Wennberg wins face-off versus Cooper Marody in Los Angeles Kings zone.
6:55 of 3rd period - T.J. Oshie is hit by Vitali Kravtsov and loses puck.
7:06 of 3rd period - Erik Cernak is hit by Marco Rossi and loses puck.
7:15 of 3rd period - Slapshot by T.J. Oshie.
7:15 of 3rd period - Deflect By Taylor Hall.
7:15 of 3rd period - Shot Blocked by Ryan Reaves.
7:15 of 3rd period - Puck is out of play.
7:16 of 3rd period - Joshua Norris wins face-off versus Alexander Radulov in Los Angeles Kings zone.
7:29 of 3rd period - Thomas Chabot is hit by Alexander Romanov and loses puck.
8:12 of 3rd period - Wrist shot by Vitali Kravtsov.
8:12 of 3rd period - Shot Misses the Net.
8:14 of 3rd period - Snap shot by Cooper Marody.
8:14 of 3rd period - Stopped by Semyon Varlamov with a rebound.
8:32 of 3rd period - Snap shot by Noah Dobson.
8:32 of 3rd period - Stopped by Semyon Varlamov with a rebound.
8:34 of 3rd period - Snap shot by Marco Rossi.
8:34 of 3rd period - Shot Blocked by T.J. Oshie.
8:34 of 3rd period - T.J. Oshie from Hartford Whalers is injured at 8:34 of 3rd period (Sprained Right Knee).
8:35 of 3rd period - Joshua Norris wins face-off versus Alexander Radulov in Hartford Whalers zone.
8:40 of 3rd period - Wrist shot by Alexis Lafreniere.
8:40 of 3rd period - Shot Blocked by Owen Power.
8:42 of 3rd period - Wrist shot by Andre Burakovsky.
8:42 of 3rd period - Shot Misses the Net.
8:44 of 3rd period - Slapshot by Joel Edmundson.
8:44 of 3rd period - Shot Misses the Net.
10:14 of 3rd period - Slapshot by K'Andre Miller.
10:14 of 3rd period - Shot Misses the Net.
10:24 of 3rd period - Casey Cizikas is hit by Andrei Svechnikov and loses puck.
10:40 of 3rd period - Minor Penalty to Andrei Kuzmenko for Tripping.
10:41 of 3rd period - Andrei Svechnikov wins face-off versus Joshua Norris in Los Angeles Kings zone.
10:57 of 3rd period - Snap shot by Joshua Norris.
10:57 of 3rd period - Shot Misses the Net.
11:17 of 3rd period - Icing by Thomas Chabot.
11:18 of 3rd period - Andrei Svechnikov wins face-off versus Alexander Wennberg in Hartford Whalers zone.
12:40 of 3rd period - Penalty to Andrei Kuzmenko is over, Andrei Kuzmenko is back on ice.
12:53 of 3rd period - Marcus Foligno is hit by Joshua Brown and loses puck.
12:58 of 3rd period - Slapshot by Noah Dobson.
12:58 of 3rd period - Stopped by Semyon Varlamov with a rebound.
13:00 of 3rd period - Wrist shot by Jakub Zboril.
13:00 of 3rd period - Deflect By Cooper Marody.
13:00 of 3rd period - Stopped by Semyon Varlamov without a rebound.
13:01 of 3rd period - Ryan Strome wins face-off versus Cole Perfetti in Hartford Whalers zone.
13:01 of 3rd period - Marcus Foligno and Cole Perfetti fight to a draw.
13:01 of 3rd period - Penalty to Marcus Foligno for Fighting.
13:01 of 3rd period - Penalty to Cole Perfetti for Fighting.
13:01 of 3rd period - Penalty to Marcus Foligno for instigated a fight.
13:01 of 3rd period - Penalty to Marcus Foligno for instigated a fight.
13:02 of 3rd period - Casey Cizikas wins face-off versus Marco Rossi in Hartford Whalers zone.
13:58 of 3rd period - Alexander Romanov is hit by Erik Cernak and loses puck.
15:01 of 3rd period - Penalty to Marcus Foligno is over, Ryan Strome is send on ice.
16:44 of 3rd period - Taylor Hall is hit by K'Andre Miller and loses puck.
18:55 of 3rd period - Hartford Whalers, Semyon Varlamov is pulled from the net.
19:02 of 3rd period - Icing by K'Andre Miller.
19:03 of 3rd period - Seth Jarvis wins face-off versus Alexander Wennberg in Los Angeles Kings zone.
19:25 of 3rd period - Icing by Andrei Kuzmenko.
19:26 of 3rd period - Josh Anderson wins face-off versus Seth Jarvis in Los Angeles Kings zone.
19:34 of 3rd period - Icing by Jakub Zboril.
19:35 of 3rd period - Josh Anderson wins face-off versus Seth Jarvis in Los Angeles Kings zone.
19:44 of 3rd period - Snap shot by Thomas Chabot.
19:44 of 3rd period - Stopped by John Gibson with a rebound.
19:46 of 3rd period - Snap shot by Thomas Chabot.
19:46 of 3rd period - Shot Misses the Net.
19:48 of 3rd period - Backhand shot by Thomas Chabot.
19:48 of 3rd period - Stopped by John Gibson without a rebound.
19:49 of 3rd period - Paul Maurice call a timeout for Hartford Whalers.
19:49 of 3rd period - Alexander Wennberg wins face-off versus Seth Jarvis in Los Angeles Kings zone.
19:50 of 3rd period - Snap shot by Thomas Chabot.
19:50 of 3rd period - Shot Misses the Net.
19:54 of 3rd period - Wrist shot by Thomas Chabot.
19:54 of 3rd period - Stopped by John Gibson with a rebound.
19:56 of 3rd period - Wrist shot by Josh Anderson.
19:56 of 3rd period - Stopped by John Gibson with a rebound.
19:58 of 3rd period - Wrist shot by Alexander Wennberg.
19:58 of 3rd period - Goal by Alexander Wennberg - Los Angeles Kings : 3 - Hartford Whalers : 3.
19:58 of 3rd period - Semyon Varlamov from Hartford Whalers was sent back in the game.
19:59 of 3rd period - Ryan Reaves wins face-off versus Casey Cizikas in neutral zone.
Goals for this period are 0 for Los Angeles Kings vs 1 for Hartford Whalers.
Shots for this period are 5 for Los Angeles Kings vs 10 for Hartford Whalers.
Overtime #1
0:01 of 1st overtime period - Andre Burakovsky wins face-off versus Andrei Svechnikov in neutral zone.
1:09 of 1st overtime period - Icing by Alexander Wennberg.
1:10 of 1st overtime period - Andrei Svechnikov wins face-off versus Casey Cizikas in Hartford Whalers zone.
1:38 of 1st overtime period - Casey Cizikas is hit by Andrei Svechnikov and loses puck.
3:10 of 1st overtime period - Icing by Marco Rossi.
3:11 of 1st overtime period - Andrei Svechnikov wins face-off versus Casey Cizikas in Los Angeles Kings zone.
3:44 of 1st overtime period - Andrei Svechnikov is hit by Erik Cernak and loses puck.
4:22 of 1st overtime period - Joel Edmundson is hit by Marco Rossi and loses puck.
Goals for this period are 0 for Los Angeles Kings vs 0 for Hartford Whalers.
Shots for this period are 0 for Los Angeles Kings vs 0 for Hartford Whalers.
ShootOut
5:00 of 1st overtime period - Round #1.
5:00 of 1st overtime period - Los Angeles Kings, Andrei Svechnikov.
5:00 of 1st overtime period - Snap shot by Andrei Svechnikov.
5:00 of 1st overtime period - Stopped by Semyon Varlamov.
5:00 of 1st overtime period - Hartford Whalers, Alexander Wennberg.
5:00 of 1st overtime period - Snap shot by Alexander Wennberg.
5:00 of 1st overtime period - Stopped by John Gibson.
5:00 of 1st overtime period - Round #2.
5:00 of 1st overtime period - Los Angeles Kings, Andrei Kuzmenko.
5:00 of 1st overtime period - Deke by Andrei Kuzmenko.
5:00 of 1st overtime period - Stopped by Semyon Varlamov.
5:00 of 1st overtime period - Hartford Whalers, Andre Burakovsky.
5:00 of 1st overtime period - Deke by Andre Burakovsky.
5:00 of 1st overtime period - Stopped by John Gibson.
5:00 of 1st overtime period - Round #3.
5:00 of 1st overtime period - Los Angeles Kings, Cole Perfetti.
5:00 of 1st overtime period - Deke by Cole Perfetti.
5:00 of 1st overtime period - Stopped by Semyon Varlamov.
5:00 of 1st overtime period - Hartford Whalers, Taylor Hall.
5:00 of 1st overtime period - Wrist shot by Taylor Hall.
5:00 of 1st overtime period - Shot Misses the Net.
5:00 of 1st overtime period - Round #4.
5:00 of 1st overtime period - Los Angeles Kings, Seth Jarvis.
5:00 of 1st overtime period - Deke by Seth Jarvis.
5:00 of 1st overtime period - Stopped by Semyon Varlamov.
5:00 of 1st overtime period - Hartford Whalers, Josh Anderson.
5:00 of 1st overtime period - Deke by Josh Anderson.
5:00 of 1st overtime period - Shot Misses the Net.
5:00 of 1st overtime period - Round #5.
5:00 of 1st overtime period - Los Angeles Kings, Alexander Radulov.
5:00 of 1st overtime period - Wrist shot by Alexander Radulov.
5:00 of 1st overtime period - Stopped by Semyon Varlamov.
5:00 of 1st overtime period - Hartford Whalers, Casey Cizikas.
5:00 of 1st overtime period - Wrist shot by Casey Cizikas.
5:00 of 1st overtime period - Goal by Casey Cizikas.
Back to the Top